 Dungeon Crawl Stone Soup version bcrawl-1.21.2-28-g2cb1824106 (webtiles) character file.

Game seed: 7237847916601140928

5195 PgLoLo the Martial Artist (level 10, -13/91 HPs)
             Began as a Gnoll Transmuter on Mar 10, 2020.
             Was a Believer of Sif Muna.
             Killed from afar by an efreet (43 damage)
             ... with a fireball
             ... on level 9 of the Dungeon.
             The game lasted 00:23:15 (9385 turns).

PgLoLo the Martial Artist (Gnoll Transmuter)        Turns: 9385, Time: 00:23:16

Health: -13/91     AC:  8    Str: 12    XL:     10   Next: 60%
Magic:  21/21      EV: 14    Int: 19    God:    Sif Muna [**....]
Gold:   607        SH:  0    Dex: 16    Spells: 11/23 levels left

rFire    x . .     SeeInvis +     - Unarmed
rCold    + + +     Gourm    .   (shield currently unavailable)
rNeg     + . .     Faith    .   (armour currently unavailable)
rPois    +         Spirit   .   (helmet currently unavailable)
rElec    .         Reflect  .   (cloak currently unavailable)
rCorr    .         Harm     .   (gloves currently unavailable)
MR       ++...                  (boots currently unavailable)
Stlth    +++.......             (no amulet)
HPRegen  0.25/turn              x - ring of protection from cold
MPRegen  0.17/turn              D - ring "Hunlut" {rN+ SInv}

@: ice-form
A: large, distributed training, strong nose
a: End Transformation, Divine Energy, Renounce Religion


You were on level 9 of the Dungeon.
You worshipped Sif Muna.
Sif Muna was pleased with you.
You were not hungry.
You were a creature of crystalline ice.
You visited 2 branches of the dungeon, and saw 10 of its levels.

You collected 607 gold pieces.

Inventory:

Hand Weapons
 b - a +0 hunting sling (melded)
 s - a +1 dagger of venom
Missiles
 a - 964 arrows
 l - 2350 stones
 F - 73 poisoned tomahawks (quivered)
 H - 122 sling bullets
Armour
 h - a +0 buckler
 m - a +0 scale mail
 p - a +1 pair of boots (melded)
 A - a +0 robe (melded)
Jewellery
 x - a ring of protection from cold (left front paw)
 z - an uncursed ring of protection from cold
 D - the ring "Hunlut" (right front paw) {rN+ SInv}
   (You found it on level 5 of the Dungeon)

   [ring of positive energy]

   It protects you from negative energy.
   It lets you see invisible.
Wands
 C - a wand of iceblast (8)
 I - a wand of flame (11)
 J - a wand of disintegration (13)
 K - a wand of acid (6)
Scrolls
 f - 4 scrolls of identify
 i - 2 scrolls of magic mapping
 n - 2 scrolls of amnesia
 o - 2 scrolls of teleportation
 q - a scroll of immolation
 v - a scroll of noise
 w - 3 scrolls of fear
 y - a scroll of enchant armour
 B - a scroll of remove curse
 E - a scroll of enchant weapon
 G - a scroll of blinking
Potions
 c - 2 potions of curing
 d - 6 potions of lignification
 g - 2 potions of berserk rage
 j - 2 potions of brilliance
 k - a potion of mutation
 r - 3 potions of flight
 t - a potion of heal wounds
 u - 3 potions of magic
Comestibles
 e - 13 rations {!d}
 L - 2 chunks of flesh


   Skills:
 + Level 6.0 Fighting
 + Level 5.3 Short Blades
 + Level 5.3 Long Blades
 + Level 5.3 Axes
 + Level 5.3 Maces & Flails
 + Level 5.3 Polearms
 + Level 5.3 Staves
 + Level 5.3 Slings
 + Level 5.3 Bows
 + Level 5.3 Crossbows
 + Level 5.3 Throwing
 + Level 5.3 Armour
 + Level 7.1 Dodging
 + Level 5.3 Stealth
 + Level 5.3 Shields
 + Level 8.5 Unarmed Combat
 + Level 7.4 Spellcasting
 + Level 4.4 Conjurations
 + Level 4.4 Hexes
 + Level 4.4 Charms
 + Level 4.4 Summonings
 + Level 4.4 Necromancy
 + Level 4.4 Translocations
 + Level 5.9 Transmutations
 + Level 4.4 Fire Magic
 + Level 4.4 Ice Magic
 + Level 4.4 Air Magic
 + Level 4.4 Earth Magic
 + Level 4.4 Poison Magic
 + Level 5.9 Invocations
 + Level 5.3 Evocations


You had 11 spell levels left.
You knew the following spells:

 Your Spells              Type           Power        Failure   Level  Hunger
a - Spider Form           Tmut/Pois      ###          3%          3    #......
b - Blink                 Tloc           N/A          2%          2    None
c - Beastly Appendage     Tmut           ####..       1%          1    None
d - Sticks to Snakes      Tmut           ####....     1%          2    None
e - Ice Form              Ice/Tmut       ####....     12%         4    ###....

Your spell library contained the following spells:

 Spells                   Type           Power        Failure   Level  Hunger
 Animate Skeleton         Necr           N/A          1%          1    None
 Corona                   Hex            ###....      1%          1    None
 Magic Dart               Conj           ###.         1%          1    None
 Pain                     Necr           ###...       1%          1    None
 Call Imp                 Summ           ###...       2%          2    None
 Ensorcelled Hibernation  Hex/Ice        ###...       2%          2    None
 Beckoning                Tloc           ###.......   4%          3    #......
 Confuse                  Hex            ###.....     4%          3    #......
 Conjure Flame            Conj/Fire      ###.....     4%          3    #......
 Dazzling Spray           Conj/Hex       ###...       4%          3    #......
 Mephitic Cloud           Conj/Pois/Air  ###.....     4%          3    #......
 Portal Projectile        Tloc           ###...       4%          3    #......
 Regeneration             Chrm/Necr      ###.......   4%          3    #......
 Tukima's Dance           Hex            ###.....     4%          3    #......
 Vampiric Draining        Necr           ###.......   4%          3    #......
 Animate Dead             Necr           N/A          16%         4    ###....
 Force Lance              Tloc           ###.....     16%         4    ###....
 Blade Hands              Tmut           ####......   24%         5    #####..
 Bolt of Draining         Conj/Necr      ###.......   41%         5    #####..
 Dispersal                Tloc           ###.......   94%         6    ######.
 Controlled Blink         Tloc           N/A          100%        8    #######


Dungeon Overview and Level Annotations

Branches:
Dungeon (9/12)             Temple (1/1) D:5            Lair (0/6) D:9
    Orc: D:8-11

Altars:
Ashenzari
Cheibriados
Dithmenos
Elyvilon
Fedhas
Gozag
Hepliaklqana
Kikubaaqudgha
Lugonu
Makhleb
Nemelex Xobeh
Okawaru
Qazlal
Ru
Sif Muna
Trog
Uskayaw
Vehumet
Wu Jian
Xom
Yredelemnul
Zin
The Shining One

Shops:
D:4 *   D:5 [![}:   D:6 [

Annotations:
D:8 Gastronok


Innate Abilities, Weirdness & Mutations

Your experience applies equally to all skills.
((You have very sharp teeth.))
Your uncanny sense of smell can sniff out nearby items.


Message History

The manticore bites you! The manticore claws you. x2
You hit the manticore but do no damage.
The manticore is heavily wounded.
The manticore barely misses you. The manticore completely misses you.
The manticore claws you.
You punch the manticore! You freeze the manticore.
The manticore is severely wounded.
The manticore bites you!
* * * LOW HITPOINT WARNING * * *
The manticore misses you. The manticore closely misses you.
You feel better.
You carefully extract the barbed spikes from your body.
The manticore barely misses you. x2; The manticore misses you.
You pummel the manticore!! You freeze the manticore.
You kill the manticore!
Sif Muna accepts your kill.
Your Fighting skill increases to level 6!
The efreet gestures at you.
The fireball explodes!
The fire burns you terribly! The fireball engulfs you!!!
You die...

..#####
#.#.#.#.......#.# ....
......# #.............#
# ..
###...###..<.#..#...#.#
..
#..........#..#####.#
#.#..##....(.#..# .
..#..#..#....#.)# .
..####.#....%...# .
.....#....#)###)## .#
s..#.#..#....##.Y# ..
...# #.รท.<#..###.# ..
##.# ##...#..# #R.# oH
.. #.#.#..####s# .# .
#...#...a. .Y ...
#........# .#.......#.
.#..
#...........#........
.o... ######.#).#.#
........#Z..# ....#..
....O..#.#...


You could see a yak, an efreet and a scorpion.

Vanquished Creatures
  A death knight (D:7)
  A cyclops (D:9)
  A manticore (D:9)
  Maurice (D:8)
  A centaur zombie (D:9)
  A troll (D:7)
  A hippogriff (D:9)
  2 yaks (D:9)
  Sigmund (D:5)
  A water moccasin (D:6)
  An ice beast (D:7)
  4 ogres
  2 centaurs
  3 bullfrogs
  A water moccasin skeleton (D:7)
  3 scorpions
  4 killer bees
  A howler monkey (D:7)
  5 crimson imps
  3 hounds
  A bullfrog zombie (D:5)
  A jelly (D:7)
  3 orc priests
  2 centaur skeletons
  4 iguanas
  2 orc wizards
  6 worker ants
  A hound zombie (D:6)
  2 hound skeletons
  A worker ant zombie (D:7)
  A howler monkey skeleton (D:7)
  3 adders
  An adder skeleton (D:6)
  3 worms
  3 dart slugs
  A leopard gecko (D:1)
  13 orcs
  2 giant cockroaches (D:1)
  5 goblins
  4 hobgoblins
  2 jackals (D:6)
  8 kobolds
  A quokka (D:4)
  7 bats
  5 frilled lizards
  A quokka zombie (D:5)
  2 rats
123 creatures vanquished.

Vanquished Creatures (others)
  A basilisk (D:9)
1 creature vanquished.

Grand Total: 124 creatures vanquished

Notes
Turn   | Place    | Note
-------+----------+-------------------------------------------
     0 | D:1      | PgLoLo the Gnoll Transmuter began the quest for the Orb.
     0 | D:1      | Reached XP level 1. HP: 17/17 MP: 6/6
   138 | D:1      | Reached XP level 2. HP: 23/23 MP: 7/7
   529 | D:1      | Learned a level 2 spell: Sticks to Snakes
   559 | D:1      | Reached XP level 3. HP: 23/28 MP: 9/9
   564 | D:1      | Learned a level 3 spell: Spider Form
   805 | D:2      | Reached skill level 5 in Spellcasting
   976 | D:2      | Found an ornate altar of the Wu Jian Council.
  1400 | D:2      | Reached skill level 1 in Invocations
  1901 | D:3      | Reached skill level 1 in Short Blades
  1901 | D:3      | Reached skill level 1 in Long Blades
  1901 | D:3      | Reached skill level 1 in Axes
  1901 | D:3      | Reached skill level 1 in Maces & Flails
  1901 | D:3      | Reached skill level 1 in Polearms
  1901 | D:3      | Reached skill level 1 in Staves
  1901 | D:3      | Reached skill level 1 in Slings
  1901 | D:3      | Reached skill level 1 in Bows
  1901 | D:3      | Reached skill level 1 in Crossbows
  1901 | D:3      | Reached skill level 1 in Throwing
  1901 | D:3      | Reached skill level 1 in Armour
  1901 | D:3      | Reached skill level 1 in Stealth
  1901 | D:3      | Reached skill level 1 in Shields
  1901 | D:3      | Reached skill level 1 in Evocations
  1901 | D:3      | Reached XP level 4. HP: 32/34 MP: 11/11
  2078 | D:3      | Reached skill level 1 in Conjurations
  2078 | D:3      | Reached skill level 1 in Hexes
  2078 | D:3      | Reached skill level 1 in Charms
  2078 | D:3      | Reached skill level 1 in Summonings
  2078 | D:3      | Reached skill level 1 in Necromancy
  2078 | D:3      | Reached skill level 1 in Translocations
  2078 | D:3      | Reached skill level 1 in Fire Magic
  2078 | D:3      | Reached skill level 1 in Ice Magic
  2078 | D:3      | Reached skill level 1 in Air Magic
  2078 | D:3      | Reached skill level 1 in Earth Magic
  2078 | D:3      | Reached skill level 1 in Poison Magic
  2400 | D:3      | Reached XP level 5. HP: 40/40 MP: 8/12
  2840 | D:4      | Noticed a centaur
  2849 | D:4      | Killed a centaur
  2849 | D:4      | Reached XP level 6. HP: 18/47 MP: 9/13
  3597 | D:4      | Found a basalt altar of Yredelemnul.
  3783 | D:4      | Reached skill level 5 in Dodging
  3870 | D:4      | Found Vixzumy's Assorted Antiques.
  4037 | D:5      | Entered Level 5 of the Dungeon
  4092 | D:5      | Got a glittering lead ring
  4094 | D:5      | Identified the ring "Hunlut" {rN+ SInv} (You found it on
                  | level 5 of the Dungeon)
  4111 | D:5      | Found Tutiqox's Distillery.
  4118 | D:5      | Found Siovabbaesch's Armour Shoppe.
  4132 | D:5      | Noticed Sigmund
  4166 | D:5      | Killed Sigmund
  4166 | D:5      | Reached skill level 7 in Unarmed Combat
  4166 | D:5      | Reached XP level 7. HP: 48/52 MP: 9/15
  4295 | D:5      | Learned a level 2 spell: Blink
  4332 | D:5      | Found a staircase to the Ecumenical Temple.
  4457 | Temple   | Entered the Ecumenical Temple
  4657 | Temple   | Became a worshipper of Sif Muna the Loreminder
  4732 | D:5      | Found Jasy Rowaus's Antique Armour Boutique.
  4887 | D:5      | Found a radiant altar of Vehumet.
  4922 | D:5      | Found Echyngor's Book Shoppe.
  5149 | D:5      | Found Utogeoj's Gadget Shop.
  5198 | D:5      | Learned a level 4 spell: Ice Form
  5235 | D:6      | Found Maudaprin's Armour Boutique.
  5448 | D:6      | Reached XP level 8. HP: 59/60 MP: 16/16
  5940 | D:6      | Reached * piety under Sif Muna
  5947 | D:6      | Found a bloodstained altar of Trog.
  6471 | D:6      | Found a shattered altar of Ashenzari.
  6707 | D:7      | Received a gift from Sif Muna
  6707 | D:7      | Reached XP level 9. HP: 48/66 MP: 18/18
  6904 | D:7      | Noticed a troll
  6911 | D:7      | Reached skill level 5 in Transmutations
  6917 | D:7      | Killed a troll
  7144 | D:7      | Noticed a death knight
  7161 | D:7      | Killed a death knight
  7161 | D:7      | Reached ** piety under Sif Muna
  7161 | D:7      | Reached skill level 5 in Fighting
  7377 | D:7      | Found an iron altar of Okawaru.
  7456 | D:7      | Found a blossoming altar of Fedhas.
  7560 | D:8      | Noticed Maurice
  7573 | D:8      | Killed Maurice
  7573 | D:8      | Reached skill level 8 in Unarmed Combat
  7573 | D:8      | Reached skill level 5 in Invocations
  8062 | D:8      | Reached XP level 10. HP: 74/74 MP: 20/20
  8121 | D:8      | Noticed Gastronok
  8581 | D:9      | Found a staircase to the Lair.
  8595 | D:9      | Noticed a death yak
  8631 | D:9      | Noticed a two-headed ogre
  8635 | D:9      | Noticed a manticore
  8651 | D:9      | Noticed a two-headed ogre
  8660 | D:9      | Noticed a cyclops
  8862 | D:9      | Killed a cyclops
  8862 | D:9      | Reached skill level 5 in Short Blades
  8862 | D:9      | Reached skill level 5 in Long Blades
  8862 | D:9      | Reached skill level 5 in Axes
  8862 | D:9      | Reached skill level 5 in Maces & Flails
  8862 | D:9      | Reached skill level 5 in Polearms
  8862 | D:9      | Reached skill level 5 in Staves
  8862 | D:9      | Reached skill level 5 in Slings
  8862 | D:9      | Reached skill level 5 in Bows
  8862 | D:9      | Reached skill level 5 in Crossbows
  8862 | D:9      | Reached skill level 5 in Throwing
  8862 | D:9      | Reached skill level 5 in Armour
  8862 | D:9      | Reached skill level 5 in Stealth
  8862 | D:9      | Reached skill level 5 in Shields
  8862 | D:9      | Reached skill level 5 in Evocations
  9385 | D:9      | Killed a manticore
  9385 | D:9      | Killed from afar by an efreet

Skill      XL: |  1  2  3  4  5  6  7  8  9 10 |
---------------+-------------------------------+-----
Spellcasting   | 5 6 7 |  7.4
Invocations    | 1 2 3 4 5 |  5.9
Short Blades   | 1 2 3 4 5 |  5.3
Long Blades    | 1 2 3 4 5 |  5.3
Axes           | 1 2 3 4 5 |  5.3
Maces & Flails | 1 2 3 4 5 |  5.3
Polearms       | 1 2 3 4 5 |  5.3
Staves         | 1 2 3 4 5 |  5.3
Slings         | 1 2 3 4 5 |  5.3
Bows           | 1 2 3 4 5 |  5.3
Crossbows      | 1 2 3 4 5 |  5.3
Throwing       | 1 2 3 4 5 |  5.3
Armour         | 1 2 3 4 5 |  5.3
Stealth        | 1 2 3 4 5 |  5.3
Shields        | 1 2 3 4 5 |  5.3
Evocations     | 1 2 3 4 5 |  5.3
Conjurations   | 1 2 3 4 |  4.4
Hexes          | 1 2 3 4 |  4.4
Charms         | 1 2 3 4 |  4.4
Summonings     | 1 2 3 4 |  4.4
Necromancy     | 1 2 3 4 |  4.4
Translocations | 1 2 3 4 |  4.4
Fire Magic     | 1 2 3 4 |  4.4
Ice Magic      | 1 2 3 4 |  4.4
Air Magic      | 1 2 3 4 |  4.4
Earth Magic    | 1 2 3 4 |  4.4
Poison Magic   | 1 2 3 4 |  4.4
Fighting       | 3 4 5 6 |  6.0
Transmutations | 4 5 |  5.9
Dodging        | 5 6 7 |  7.1
Unarmed Combat | 7 8 |  8.5

Action                   |  1- 3 |  4- 6 |  7- 9 | 10-12 || total
-------------------------+-------+-------+-------+-------++-------
Melee: Unarmed           |    74 |    68 |   209 |    63 ||   414
       Bite              |     5 |       |       |       ||     5
       Kick              |     2 |       |       |       ||     2
       Headbutt          |     1 |       |       |       ||     1
       Dagger            |    30 |     5 |       |       ||    35
       Punch             |     1 |       |       |       ||     1
 Fire: Hunting sling     |       |    20 |    32 |     2 ||    54
Throw: Stone             |    10 |     6 |       |       ||    16
 Cast: Beastly Appendage |     8 |       |       |       ||     8
       Spider Form       |       |    13 |     5 |     1 ||    19
       Ice Form          |       |       |     1 |     2 ||     3
 Abil: End Transformatio |       |       |     4 |     2 ||     6
  Use: Scroll            |       |    15 |     3 |     3 ||    21
       Potion            |       |       |       |     1 ||     1
 Stab: Sleeping          |     1 |     1 |     9 |       ||    11
  Eat: Chunk             |     2 |     6 |    13 |     1 ||    22
       Ration            |       |     1 |       |     1 ||     2
Armor: Robe              |    24 |     4 |     1 |       ||    29
       Skin              |       |     4 |    19 |    17 ||    40
Dodge: Dodged            |    62 |    54 |   184 |    79 ||   379
Block: Buckler           |     4 |       |       |       ||     4
